 Dungeon Crawl Stone Soup version 0.28-a0-1524-ge72afd5fc6 (webtiles) character file.

Game seed: 17773433172355777568

67 knot the Chopper (level 4, 16/35 HPs)
             Began as a Demonspawn Berserker on Jan 18, 2022.
             Was a Believer of Trog.
             Quit the game on level 3 of the Dungeon.
             The game lasted 00:01:25 (2943 turns).

knot the Chopper (Demonspawn Berserker)             Turns: 2943, Time: 00:01:26

Health: 16/35      AC:  2    Str: 18    XL:     4   Next: 0%
Magic:  4/4        EV: 12    Int: 10    God:    Trog [**....]
Gold:   18         SH:  0    Dex: 12    Spells: 3/3 levels left

rFire   . . .      SeeInvis .   a - +0 hand axe
rCold   . . .      Faith    .   (no shield)
rNeg    . . .      Spirit   .   b - +0 animal skin
rPois   .          Reflect  .   (no helmet)
rElec   .          Harm     .   (no cloak)
rCorr   .          Rampage  .   (no gloves)
Will    .....                   (no boots)
Stlth   +.........              (no amulet)
HPRegen 0.11/turn               (no ring)
MPRegen 0.09/turn               (no ring)

@: no status effects
A: spiny 1, weakness stinger 2
a: Renounce Religion, Berserk, Trog's Hand


You were on level 3 of the Dungeon.
You worshipped Trog.
Trog was pleased with you.
You visited 1 branch of the dungeon, and saw 3 of its levels.

You collected 18 gold pieces.

Inventory:

Hand Weapons
 a - a +0 hand axe (weapon)
Missiles
 d - 27 sling bullets
 e - 107 stones (quivered)
Armour
 b - a +0 animal skin (worn)
Jewellery
 i - a +4 ring of evasion
Scrolls
 f - a scroll of identify {unknown}
 g - 3 scrolls of enchant armour {unknown}
 h - a scroll of silence {unknown}
 j - a scroll of teleportation {unknown}
Potions
 c - 2 potions of curing {unknown}


   Skills:
 - Level 3.0 Fighting
 * Level 4.1 Axes
 * Level 1.3 Throwing
 - Level 1.7 Armour
 - Level 1.7 Dodging


You had 3 spell levels left.
You didn't know any spells.
Your spell library contained the following spells:

 Spells                   Type           Power      Damage    Failure   Level
 Shock                    Conj/Air       0%         1d3       36%         1
 Ignite Poison            Fire/Tmut/Pois 0%         N/A       75%         3
 Mephitic Cloud           Conj/Pois/Air  0%         N/A       75%         3
 Swiftness                Air            0%         N/A       75%         3
 Airstrike                Air            0%         N/A       98%         4
 Freezing Cloud           Conj/Ice/Air   0%         6-21      100%        5


Dungeon Overview and Level Annotations

Branches:
Dungeon (3/15)

Altars:
Trog


Innate Abilities, Weirdness & Mutations

You are partially covered in sharp spines.
You have a tail ending in a sharp stinger.


Message History

You barely miss the ball python. You closely miss the hobgoblin.
The ball python bites you. The ball python constricts you.
The hobgoblin hits you.
You hit the ball python.
You kill the ball python!
Trog accepts your kill.
You hit the ball python but do no damage.
You hit the hobgoblin but do no damage. The hobgoblin closely misses you.
The ball python bites you. The ball python barely misses you.
You hit the ball python.
Your tail-slap misses the ball python.
The ball python is heavily wounded.
You barely miss the hobgoblin. The hobgoblin hits you.
The ball python bites you but does no damage.
The ball python barely misses you.
You barely miss the ball python.
The ball python is heavily wounded.
You hit the hobgoblin. The ball python barely misses you.
The ball python grabs you. The ball python constricts you.
The hobgoblin hits you but does no damage.
You hit the ball python but do no damage.
The ball python is heavily wounded.
You hit the hobgoblin. The ball python closely misses you.
The ball python constricts you. The hobgoblin hits you.
The ball python closely misses you. The ball python constricts you.
The hobgoblin closely misses you.
You are too injured to fight recklessly!
You are too injured to fight recklessly!
You are too injured to fight recklessly!
You are too injured to fight recklessly!
You are too injured to fight recklessly!
You are too injured to fight recklessly!
You are too injured to fight recklessly!
You hit the ball python.
You kill the ball python!
Trog accepts your kill.
You barely miss the hobgoblin. The hobgoblin closely misses you.
You have reached level 4!
You feel stronger.
Your demonic ancestry asserts itself...
Sharp spines emerge from parts of your body.
Are you sure you want to abandon this character and quit the game? (Confirm with "yes".)

#... #..# ##
##..... .# #
....^##.##
#.##..#.#....
...........
#†g....... #
#.@#.##.#
#.##.?....#
#......####
####.###
#######.#
#.......#
#.#.....#
#.##.## ..
#.#


You could see a hobgoblin.

Vanquished Creatures
  2 adders (D:2)
  2 bats (D:2)
  5 endoplasms
  2 hobgoblins
  11 jackals
  6 kobolds
  A quokka (D:1)
  8 ball pythons
  2 frilled lizards
  4 goblins
  2 rats (D:2)
45 creatures vanquished.

Notes
Turn   | Place    | Note
-------+----------+-------------------------------------------
     0 | D:1      | knot the Demonspawn Berserker began the quest for the Orb.
     0 | D:1      | Reached XP level 1. HP: 18/18 MP: 1/1
    46 | D:1      | Reached skill level 3 in Axes
   529 | D:1      | Gained mutation: You have a small tail. [demonic ancestry]
   529 | D:1      | Reached XP level 2. HP: 20/20 MP: 2/2
  1396 | D:2      | Gained mutation: You have a tail ending in a sharp stinger.
                  | [demonic ancestry]
  1396 | D:2      | Reached XP level 3. HP: 8/29 MP: 3/3
  1709 | D:2      | Reached skill level 4 in Axes
  1875 | D:2      | Reached skill level 1 in Throwing
  2189 | D:2      | Found a bloodstained altar of Trog.
  2213 | D:2      | Reached ** piety under Trog
  2507 | D:2      | Found a faded altar of an unknown god.
  2943 | D:3      | Gained mutation: You are partially covered in sharp spines.
                  | [demonic ancestry]
  2943 | D:3      | Reached XP level 4. HP: 16/35 MP: 4/4
  2943 | D:3      | Quit the game

Illustrated notes

Levels and vault maps discovered:
D:1:      tarquinn_simple_flora_water_b, layout_rooms
D:2:      layout_loops_corners, basic_altar,
          hellmonk_ecumenical_altar_inner_sanctum, hex_large,
          hangedman_decor_growths, corexii_hall_statues_l
D:3:      layout_loops_cross, nicolae_gozag_cash_rules_everything_around_me

Skill      XL: |  1  2  3 |
---------------+----------+-----
Axes           | 3 4 |  4.1
Throwing       | 1 |  1.3
Fighting       | |  3.0
Armour         | |  1.7
Dodging        | |  1.7

Action                   |  1- 3 |  4- 6 || total
-------------------------+-------+-------++-------
Melee: Hand axe          |   124 |       ||   124
       Tailslap          |     9 |       ||     9
       Punch             |     2 |       ||     2
Throw: Stone             |     2 |       ||     2
Invok: Berserk           |     3 |       ||     3
 Stab: Sleeping          |     1 |       ||     1
Armor: Animal skin       |    41 |       ||    41
Dodge: Dodged            |    90 |       ||    90

Table legend: (Time is in decaauts)
 A = Elapsed time spent in this place.
 B = Non-inter-level travel time spent in this place.
 C = Inter-level travel time spent in this place.
 D = Time resting spent in this place.
 E = Time spent auto-exploring this place.
 F = Levels seen in this place.
 G = Mean time per level.
                   A        B        C        D        E       F      G
               +--------+--------+--------+--------+--------+-----+--------+
         Total |   2980 |   2936 |     44 |   1257 |   1408 |   3 |  993.3 |
       Dungeon |   2980 |   2936 |     44 |   1257 |   1408 |   3 |  993.3 |
               +--------+--------+--------+--------+--------+-----+--------+

Top non-repeatable levels by time:
     D:2: 1484 daAuts
     D:1: 1404 daAuts
     D:3: 91 daAuts
